TOP OF THE 1ST |
Lexington Legends batting - Pitching for West Michigan Whitecaps : RHP Dave Valdez
|
Pitching: RHP Dave Valdez
|
|
Batting: RHB Nate De Jongh
|
0-0: Ball 1-0: Foul Ball, location: 2F 1-1: Fly out, F8 (Line Drive, 8RM, EV 91.2 MPH)
|
Batting: RHB Jesus Malave
|
0-0: Foul Ball, location: 2F 0-1: Foul Ball, location: 2F 0-2: Ball 1-2: Strikes out swinging
|
Batting: RHB Nick Julien
|
0-0: Ball 1-0: SINGLE (Groundball, 6S, EV 68.8 MPH) (infield hit)
|
Batting: LHB Pablo Serrato
|
0-0: Ball 1-0: Fielders Choice at 2nd, 5-4 (Groundball, 5, EV 82.5 MPH)
|
Top of the 1st over - 0 runs, 1 hit, 0 errors, 1 left on base; Lexington 0 - West Michigan 0 |
BOTTOM OF THE 1ST |
West Michigan Whitecaps batting - Pitching for Lexington Legends : LHP Butch Ott
|
Pitching: LHP Butch Ott
|
|
Batting: SHB Willie Medina
|
0-0: Foul Ball, location: 2F 0-1: Ball 1-1: Fly out, F9 (Flyball, 9LSF, EV 96.9 MPH)
|
Batting: LHB Nick Nino
|
0-0: Bunt missed! 0-1: Ball 1-1: Foul Ball, location: 2F 1-2: Ball 2-2: Foul Ball, location: 2F 2-2: Ball 3-2: Base on Balls
|
Batting: RHB Jon Goldstein
|
0-0: Grounds into double play, 4-6-3 (Groundball, 4M, EV 94.4 MPH)
|
Bottom of the 1st over - 0 runs, 0 hits, 0 errors, 0 left on base; Lexington 0 - West Michigan 0 |
TOP OF THE 2ND |
Lexington Legends batting - Pitching for West Michigan Whitecaps : RHP Dave Valdez
|
Batting: SHB Bill Ertl
|
0-0: Ball 1-0: Ball 2-0: Called Strike 2-1: Ball 3-1: Ground out U3 (Groundball, 3, EV 101.2 MPH)
|
Batting: RHB Phil Hamby
|
0-0: Ball 1-0: Called Strike 1-1: SINGLE (Flyball, 9S, EV 93.8 MPH)
|
Batting: RHB Chang-keun Baik
|
0-0: Called Strike 0-1: Called Strike 0-2: Hit by Pitch Phil Hamby to second
|
Batting: LHB Danny Pacheco
|
0-0: Called Strike 0-1: Ball 1-1: Swinging Strike 1-2: Grounds into double play, 5-4-3 (Groundball, 56S, EV 82.5 MPH)
|
Top of the 2nd over - 0 runs, 1 hit, 0 errors, 1 left on base; Lexington 0 - West Michigan 0 |
BOTTOM OF THE 2ND |
West Michigan Whitecaps batting - Pitching for Lexington Legends : LHP Butch Ott
|
Batting: LHB Nick Swank
|
0-0: Ball 1-0: Ball 2-0: Called Strike 2-1: Foul Ball, location: 2F 2-2: Strikes out swinging
|
Batting: RHB German Quiroga
|
0-0: Called Strike 0-1: Called Strike 0-2: Strikes out looking
|
Batting: RHB Scott Carr
|
0-0: Ball 1-0: Ball 2-0: Ball 3-0: Called Strike 3-1: Base on Balls
|
Batting: LHB George Moran
|
0-0: Reached on error, E4 (Groundball, 4M, EV 104.4 MPH) Scott Carr to second
|
Batting: LHB Jon Pedlar
|
0-0: Fly out, F8 (Flyball, 8LXD, EV 99.4 MPH)
|
Bottom of the 2nd over - 0 runs, 0 hits, 1 error, 2 left on base; Lexington 0 - West Michigan 0 |
TOP OF THE 3RD |
Lexington Legends batting - Pitching for West Michigan Whitecaps : RHP Dave Valdez
|
Batting: RHB Justin Goff
|
0-0: Called Strike 0-1: Foul Ball, location: 2F 0-2: Ball 1-2: Strikes out swinging
|
Batting: RHB Nate De Jongh
|
0-0: Swinging Strike 0-1: Foul Ball, location: 2F 0-2: Ball 1-2: Ball 2-2: Foul Ball, location: 2F 2-2: Fly out, F9 (Flyball, 9, EV 87.5 MPH)
|
Batting: RHB Jesus Malave
|
0-0: Ball 1-0: Called Strike 1-1: Foul Ball, location: 2F 1-2: Strikes out swinging
|
Top of the 3rd over - 0 runs, 0 hits, 0 errors, 0 left on base; Lexington 0 - West Michigan 0 |
BOTTOM OF THE 3RD |
West Michigan Whitecaps batting - Pitching for Lexington Legends : LHP Butch Ott
|
Batting: LHB Steve Herrera
|
0-0: Called Strike 0-1: Called Strike 0-2: Foul Ball, location: 2F 0-2: Strikes out swinging
|
Batting: SHB Willie Medina
|
0-0: Foul Ball, location: 2F 0-1: Ball 1-1: Called Strike 1-2: Ball 2-2: Foul Ball, location: 2F 2-2: Strikes out swinging
|
Batting: LHB Nick Nino
|
0-0: Ball 1-0: Swinging Strike 1-1: Ball 2-1: SINGLE (Line Drive, 6M, EV 94.4 MPH)
|
Batting: RHB Jon Goldstein
|
0-0: Swinging Strike 0-1: Swinging Strike 0-2: Ball Nick Nino steals 2nd base 1-2: Strikes out swinging
|
Bottom of the 3rd over - 0 runs, 1 hit, 0 errors, 1 left on base; Lexington 0 - West Michigan 0 |
TOP OF THE 4TH |
Lexington Legends batting - Pitching for West Michigan Whitecaps : RHP Dave Valdez
|
Batting: RHB Nick Julien
|
0-0: Fly out, F9 (Flyball, 9, EV 91.2 MPH)
|
Batting: LHB Pablo Serrato
|
0-0: Ball 1-0: Foul Ball, location: 2F 1-1: Called Strike 1-2: Fly out, F8 (Flyball, 8LM, EV 87.5 MPH)
|
Batting: SHB Bill Ertl
|
0-0: Ball 1-0: Swinging Strike 1-1: Ball 2-1: Ball 3-1: Foul Ball, location: 2F 3-2: Base on Balls
|
Batting: RHB Phil Hamby
|
0-0: Foul Ball, location: 2F 0-1: Ball 1-1: DOUBLE (Line Drive, 78M, EV 97.5 MPH) Bill Ertl to third Runner from 3rd tries for Home, SAFE, no throw by LF
|
Batting: RHB Chang-keun Baik
|
0-0: Called Strike 0-1: Ball 1-1: Foul Ball, location: 2F 1-2: Foul Ball, location: 2F 1-2: Strikes out looking
|
Top of the 4th over - 1 run, 1 hit, 0 errors, 1 left on base; Lexington 1 - West Michigan 0 |
BOTTOM OF THE 4TH |
West Michigan Whitecaps batting - Pitching for Lexington Legends : LHP Butch Ott
|
Batting: LHB Nick Swank
|
0-0: Ball 1-0: SOLO HOME RUN (Flyball, 7D, EV 103.1 MPH), Distance : 380 ft
|
Batting: RHB German Quiroga
|
0-0: Ball 1-0: Ball 2-0: Ball 3-0: Called Strike 3-1: Foul Ball, location: 2F 3-2: Foul Ball, location: 2F 3-2: Base on Balls
|
Batting: RHB Scott Carr
|
0-0: Called Strike 0-1: SINGLE (Groundball, 13S, EV 68.1 MPH) (infield hit) German Quiroga to second
|
Pitching: RHP Nam Phong
|
|
Batting: LHB George Moran
|
0-0: Ball 1-0: Ball 2-0: Foul Ball, location: 2F 2-1: Called Strike 2-2: Strikes out swinging
|
Batting: LHB Jon Pedlar
|
0-0: Called Strike 0-1: Fly out, F8 (Flyball, 8LD, EV 88.1 MPH) Runner from 2nd tags up, SAFE at 3rd with throw by CF
|
Batting: LHB Steve Herrera
|
0-0: Fly out, F9 (Flyball, 9, EV 70.6 MPH)
|
Bottom of the 4th over - 1 run, 2 hits, 0 errors, 2 left on base; Lexington 1 - West Michigan 1 |
TOP OF THE 5TH |
Lexington Legends batting - Pitching for West Michigan Whitecaps : RHP Dave Valdez
|
Batting: LHB Danny Pacheco
|
0-0: Ball 1-0: Hit by Pitch
|
Batting: RHB Justin Goff
|
0-0: Called Strike 0-1: Ball 1-1: Ball 2-1: Swinging Strike 2-2: Strikes out looking
|
Batting: RHB Nate De Jongh
|
0-0: Called Strike 0-1: Ball 1-1: Ball 2-1: Ball 3-1: Foul Ball, location: 2F 3-2: Foul Ball, location: 2F 3-2: Base on Balls Danny Pacheco to second
|
Batting: RHB Jesus Malave
|
0-0: Grounds into double play, 5-4-3 (Groundball, 56, EV 96.9 MPH)
|
Top of the 5th over - 0 runs, 0 hits, 0 errors, 1 left on base; Lexington 1 - West Michigan 1 |
BOTTOM OF THE 5TH |
West Michigan Whitecaps batting - Pitching for Lexington Legends : RHP Nam Phong
|
Batting: SHB Willie Medina
|
0-0: Ball 1-0: Called Strike 1-1: Ball 2-1: Fly out, F7 (Flyball, 78S, EV 89.4 MPH)
|
Batting: LHB Nick Nino
|
0-0: TRIPLE (Flyball, 8LXD, EV 101.2 MPH)
|
Batting: RHB Jon Goldstein
|
0-0: Swinging Strike 0-1: Ball 1-1: Ball 2-1: SINGLE (Groundball, 6MD, EV 108.1 MPH) Nick Nino scores
|
Batting: LHB Nick Swank
|
0-0: Ball Jon Goldstein steals 2nd base 1-0: Ball 2-0: Ball 3-0: Base on Balls
|
Pitching: RHP Phil Kellum
|
|
Batting: RHB German Quiroga
|
0-0: Swinging Strike 0-1: Called Strike 0-2: SINGLE (Flyball, 34D, EV 90.6 MPH) Jon Goldstein to third Nick Swank to second
|
Batting: RHB Scott Carr
|
0-0: Grounds into double play, 4-6-3 (Groundball, 4, EV 105.6 MPH)
|
Bottom of the 5th over - 1 run, 3 hits, 0 errors, 2 left on base; Lexington 1 - West Michigan 2 |
TOP OF THE 6TH |
Lexington Legends batting - Pitching for West Michigan Whitecaps : RHP Dave Valdez
|
Batting: RHB Nick Julien
|
0-0: Ball 1-0: Ball 2-0: Ball 3-0: Called Strike 3-1: Base on Balls
|
Batting: LHB Pablo Serrato
|
0-0: Called Strike 0-1: Ball 1-1: Ball 2-1: Ball 3-1: Base on Balls Nick Julien to second
|
Batting: SHB Bill Ertl
|
0-0: Swinging Strike 0-1: Ball 1-1: Swinging Strike 1-2: Foul Ball, location: 2F 1-2: Foul Ball, location: 2F 1-2: Foul Ball, location: 2F 1-2: Strikes out swinging
|
Batting: RHB Phil Hamby
|
0-0: Ball 1-0: Fly out, F8 (Flyball, 8RD, EV 102.5 MPH)
|
Batting: RHB Chang-keun Baik
|
0-0: Ball 1-0: Foul Ball, location: 2F 1-1: Foul Ball, location: 2F 1-2: Fly out, F9 (Flyball, 89S, EV 92.5 MPH)
|
Top of the 6th over - 0 runs, 0 hits, 0 errors, 2 left on base; Lexington 1 - West Michigan 2 |
BOTTOM OF THE 6TH |
West Michigan Whitecaps batting - Pitching for Lexington Legends : RHP Phil Kellum
|
Batting: LHB George Moran
|
0-0: Ball 1-0: Fly out, F5 (Popup, 5SF, EV 66.9 MPH)
|
Batting: LHB Jon Pedlar
|
0-0: Ball 1-0: Called Strike 1-1: Foul Ball, location: 2F 1-2: Ball 2-2: Ground out 1-3 (Groundball, P, EV 69.4 MPH)
|
Batting: LHB Steve Herrera
|
0-0: Called Strike 0-1: Ball 1-1: Swinging Strike 1-2: Ball 2-2: Strikes out looking
|
Bottom of the 6th over - 0 runs, 0 hits, 0 errors, 0 left on base; Lexington 1 - West Michigan 2 |
TOP OF THE 7TH |
Lexington Legends batting - Pitching for West Michigan Whitecaps : RHP Dave Valdez
|
Pitching: LHP Chris Thomas
|
|
Batting: LHB Danny Pacheco
|
0-0: Ball 1-0: Ball 2-0: Called Strike 2-1: Swinging Strike 2-2: Ground out 5-3 (Groundball, 5L, EV 104.4 MPH)
|
Batting: RHB Justin Goff
|
0-0: SINGLE (Groundball, 4MD, EV 103.8 MPH)
|
Batting: RHB Nate De Jongh
|
0-0: Ball 1-0: Ball 2-0: Called Strike 2-1: Called Strike 2-2: Foul Ball, location: 2F 2-2: Strikes out swinging
|
Batting: RHB Jesus Malave
|
0-0: Foul Ball, location: 2F 0-1: Ball 1-1: Swinging Strike 1-2: Foul Ball, location: 2F 1-2: Strikes out swinging
|
Top of the 7th over - 0 runs, 1 hit, 0 errors, 1 left on base; Lexington 1 - West Michigan 2 |
BOTTOM OF THE 7TH |
West Michigan Whitecaps batting - Pitching for Lexington Legends : RHP Phil Kellum
|
Pitching: RHP Tony Jimenez
|
|
Batting: SHB Willie Medina
|
0-0: Ball 1-0: Swinging Strike 1-1: Swinging Strike 1-2: Strikes out swinging
|
Batting: LHB Nick Nino
|
0-0: Ball 1-0: Foul Ball, location: 2F 1-1: Ball 2-1: Ball 3-1: SINGLE (Groundball, 25, EV 71.2 MPH) (infield hit)
|
Batting: RHB Jon Goldstein
|
0-0: Ball Nick Nino steals 2nd base 1-0: Ball 2-0: Called Strike 2-1: Foul Ball, location: 2F 2-2: Ground out 6-3 (Groundball, 6, EV 79.4 MPH) Nick Nino to third
|
Batting: LHB Nick Swank
|
0-0: Called Strike 0-1: Ball 1-1: Called Strike 1-2: Strikes out swinging
|
Bottom of the 7th over - 0 runs, 1 hit, 0 errors, 1 left on base; Lexington 1 - West Michigan 2 |
TOP OF THE 8TH |
Lexington Legends batting - Pitching for West Michigan Whitecaps : LHP Chris Thomas
|
Batting: RHB Nick Julien
|
0-0: Ball 1-0: Foul Ball, location: 2F 1-1: Called Strike 1-2: Strikes out looking
|
Batting: LHB Pablo Serrato
|
0-0: Foul Ball, location: 2F 0-1: Swinging Strike 0-2: Ball 1-2: Strikes out swinging
|
Batting: SHB Bill Ertl
|
0-0: Ball 1-0: Called Strike 1-1: Called Strike 1-2: Ball 2-2: Foul Ball, location: 2F 2-2: SINGLE (Line Drive, 8RS, EV 100.6 MPH)
|
Pitching: LHP Jesse Turner
|
|
Batting: RHB Phil Hamby
|
0-0: Called Strike 0-1: Ball 1-1: Foul Ball, location: 2F 1-2: Strikes out swinging
|
Top of the 8th over - 0 runs, 1 hit, 0 errors, 1 left on base; Lexington 1 - West Michigan 2 |
BOTTOM OF THE 8TH |
West Michigan Whitecaps batting - Pitching for Lexington Legends : RHP Tony Jimenez
|
Pitching: LHP Tyler Abraham
|
|
Batting: RHB German Quiroga
|
0-0: Ground out 4-3 (Groundball, 4S, EV 73.8 MPH)
|
Batting: RHB Scott Carr
|
0-0: Ball 1-0: Ground out 5-3 (Groundball, 5, EV 80.6 MPH)
|
Batting: LHB George Moran
|
0-0: Called Strike 0-1: SINGLE (Groundball, 34D, EV 105.0 MPH)
|
Batting: LHB Jon Pedlar
|
0-0: Ball 1-0: Ball 2-0: Ball 3-0: Called Strike 3-1: Called Strike 3-2: Base on Balls George Moran to second
|
Batting: LHB Steve Herrera
|
0-0: SINGLE (Line Drive, 8LS, EV 108.1 MPH) George Moran to third Jon Pedlar to second Runner from 3rd tries for Home, throw by CF and OUT! 8-2
|
Bottom of the 8th over - 0 runs, 2 hits, 0 errors, 2 left on base; Lexington 1 - West Michigan 2 |
TOP OF THE 9TH |
Lexington Legends batting - Pitching for West Michigan Whitecaps : LHP Jesse Turner
|
Pitching: RHP Tony Kepp
|
|
Batting: RHB Chang-keun Baik
|
0-0: Swinging Strike 0-1: Ball 1-1: Swinging Strike 1-2: Ball 2-2: Foul Ball, location: 2F 2-2: Strikes out swinging
|
Batting: LHB Danny Pacheco
|
0-0: Ball 1-0: Foul Ball, location: 2F 1-1: Foul Ball, location: 2F 1-2: Strikes out swinging, 2-3 out at first.
|
Batting: RHB Justin Goff
|
0-0: Ball 1-0: Called Strike 1-1: Swinging Strike 1-2: Ball 2-2: Strikes out swinging
|
Top of the 9th over - 0 runs, 0 hits, 0 errors, 0 left on base; Lexington 1 - West Michigan 2 |
|